 Dungeon Crawl Stone Soup version 0.21-a0-518-g43a1781 (webtiles) character file.

873 theanonym the Arsonist (level 7, -1/36 HPs)
             Began as a Deep Elf Fire Elementalist on Dec 4, 2017.
             Was an Initiate of Vehumet.
             Slain by an orc
             ... wielding a +0 mace
              (9 damage)
             ... on level 5 of the Dungeon.
             The game lasted 00:18:46 (6904 turns).

theanonym the Arsonist (Deep Elf Fire Elementalist) Turns: 6904, Time: 00:18:47

Health: -1/36      AC:  5    Str:  5    XL:     7   Next: 74%
Magic:  16/16      EV: 13    Int: 22    God:    Vehumet [......]
Gold:   70         SH:  0    Dex: 15    Spells: 2/16 levels left

rFire    + + .     SeeInvis .   d - +1 dagger (elec)
rCold    . . .     Gourm    .   (no shield)
rNeg     . . .     Faith    .   a - +1 robe {0}
rPois    .         Spirit   .   j - +0 helmet
rElec    .         Reflect  .   k - +0 cloak {MR+} {MR+}
rCorr    .         Harm     .   (no gloves)
MR       +....                  (no boots)
Stlth    ++........             (no amulet)
HPRegen  0.12/turn              h - ring of protection from fire {rF+}
MPRegen  0.15/turn              i - ring of protection from fire {rF+}

@: no status effects
A: no striking features
a: Renounce Religion


   Skills:
 - Level 2.4 Dodging
 - Level 2.4 Stealth
 - Level 5.0 Spellcasting
 + Level 5.1 Conjurations
 * Level 8.1 Fire Magic


You had 2 spell levels left.
You knew the following spells:

 Your Spells              Type           Power        Failure   Level  Hunger
a - Flame Tongue          Conj/Fire      ####.        1%          1    None
b - Conjure Flame         Conj/Fire      ####....     1%          3    ##.....
c - Sticky Flame          Conj/Fire      ####....     6%          4    ####...
f - Fireball              Conj/Fire      ####......   19%         5    #####..
q - Apportation           Tloc           #.....       10%         1    None

Skill      XL: |  1  2  3  4  5  6  7 |
---------------+----------------------+-----
Fire Magic     | 4 5 6 8 |  8.1
Conjurations   | 2 3 4 5 |  5.1
Spellcasting   | 4 5 |  5.0
Dodging        | |  2.4
Stealth        | |  2.4

Action                   |  1- 3 |  4- 6 |  7- 9 || total
-------------------------+-------+-------+-------++-------
Melee: Unarmed           |     1 |       |       ||     1
       Dagger            |       |     4 |    16 ||    20
 Cast: Flame Tongue      |    70 |   149 |    34 ||   253
       Conjure Flame     |     3 |    15 |     2 ||    20
       Sticky Flame      |       |     7 |     3 ||    10
  Use: Scroll            |     2 |     7 |     1 ||    10
       Potion            |       |       |     1 ||     1
  Eat: Chunk             |     1 |     6 |     4 ||    11
       Meat ration       |     1 |     1 |       ||     2
Armor: Robe              |     4 |     9 |     5 ||    18
Dodge: Dodged            |    23 |    13 |    23 ||    59

Inventory:

Hand Weapons
 d - a +1 dagger of electrocution (weapon)
   (You took it off a goblin on level 1 of the Dungeon)
Armour
 a - a +1 robe (worn) {0}
 j - a +0 helmet (worn)
   (You found it on level 1 of the Dungeon)
 k - a +0 cloak of magic resistance (worn) {MR+}
   (You took it off Crazy Yiuf on level 3 of the Dungeon)
Jewellery
 h - a ring of protection from fire (left hand) {rF+}
   (You found it on level 1 of the Dungeon)
 i - a ring of protection from fire (right hand) {rF+}
   (You found it on level 1 of the Dungeon)
Scrolls
 r - a scroll of identify
 t - a scroll of teleportation {!r}
 v - a scroll of remove curse
 y - 2 scrolls of magic mapping {!r}
Potions
 f - a potion of ambrosia
 l - a potion of magic
 m - 2 potions of haste
 o - a potion of berserk rage {unknown}
 p - 2 potions of might {unknown}
 q - 3 potions of heal wounds
 s - a potion of brilliance {unknown}
 x - a potion of mutation {unknown}
 z - a potion of lignification {unknown}
Books
 b - a book of Flames
 g - a book of Cantrips
   (You found it on level 4 of the Dungeon)
 u - a book of Misfortune
   (You found it on level 3 of the Dungeon)
Comestibles
 c - 4 bread rations
 e - 3 meat rations

Dungeon Overview and Level Annotations

Branches:
Dungeon (6/15)             Temple (1/1) D:5

Altars:
Cheibriados
Dithmenos
Fedhas
Gozag
Makhleb
Nemelex Xobeh
Qazlal
Ru
Sif Muna
Trog
Vehumet
Xom
Yredelemnul

Shops:
D:4 !   D:5 %!(*


You were on level 5 of the Dungeon.
You worshipped Vehumet.
Vehumet was noncommittal.
You were hungry.

You visited 2 branches of the dungeon, and saw 7 of its levels.

You collected 292 gold pieces.
You spent 222 gold pieces at shops.


Message History

Your magical contamination has completely faded away.
You regained 2 mp, and now have 15/16 mp.
You climb downwards. 5 orcs come into view.
The orc shouts! x4
The orc closely misses you. The orc completely misses you.
Found a trident.
An orc comes into view. It is wielding a club.
There is a stone staircase leading up here.
MP restored: 16 The orc hits you but does no damage.
You climb upwards.
There is a stone staircase leading down here.
You hit the orc. Lightning courses through the orc!
You kill the orc!
Vehumet accepts your kill. The orc hits you with a flail.
The orc barely misses you.
You take 3 damage, and have 33/36 hp.
You barely miss the orc. The orc hits you but does no damage.
The orc misses you.
You hit the orc. The orc barely misses you. x2
You hit the orc.
You kill the orc!
Vehumet accepts your kill. The orc closely misses you.
You closely miss the orc. The orc hits you but does no damage.
You barely miss the orc. The orc barely misses you.
You barely miss the orc. The orc barely misses you.
You closely miss the orc. The orc hits you.
You take 3 damage, and have 31/36 hp.
You hit the orc. Lightning courses through the orc!
You kill the orc!
Vehumet accepts your kill.
No target in view!
No target in view!
No target in view!
You start resting.
Health restored: 36 You climb downwards.
The scorpion stings you!
You are poisoned.
The scorpion poisons you! The orc closely misses you. x3
The scorpion stings you! The orc hits you with a hand axe.
* * * LOW HITPOINT WARNING * * *
There is a stone staircase leading up, spattered with blood here.
You take 21 damage, and have 15/36 hp.
MASSIVE DAMAGE!!
You feel sick. The orc misses you. The scorpion stings you.
* * * LOW HITPOINT WARNING * * *
You are lethally poisoned!
The scorpion poisons you! The orc closely misses you.
The orc hits you but does no damage.
You climb upwards.
* * * LOW HITPOINT WARNING * * *
You feel very sick.
There is a stone staircase leading down here.
Unknown command.
Unknown command.
Unknown command.
Unknown command.
Unknown command.
Unknown command.
Unknown command.
Unknown command.
Unknown command.
Unknown command.
Unknown command.
Unknown command.
Unknown command.
Unknown command.
Unknown command.
Unknown command.
Unknown command.
Unknown command.
Unknown command.
Unknown command.
Unknown command.
Unknown command.
Unknown command.
Unknown command.
Unknown command.
Unknown command.
Unknown command.
Unknown command.
Unknown command.
Unknown command.
Unknown command.
You take 8 damage, and have 7/36 hp.
MASSIVE DAMAGE!!
Unknown command.
Unknown command.
Unknown command.
Unknown command.
Okay, then.
Okay, then.
You feel better.
You are feeling hungry.
The scorpion barely misses you. The orc hits you with a club.
* * * LOW HITPOINT WARNING * * *
The orc hits you with a hand axe.
* * * LOW HITPOINT WARNING * * *
The orc hits you with a mace!
You die...

#..........#'#..# #.#.....
#####........###.#########.##..._
.............##...##.....)..<....
#.....########.....##...##.#.....
............#...⌠...'...+....>...
#.....#########...###...##.#.....
#.....######.##...#.....##.#.....
#.....#.......#)s.##.......#...##
#.............#)@o##########.....
....#.........#.oo#...........###
..#.#.........###############....
..#.#..[.....................####
..#.#..+####'###############.#
..##.8.## #..........# #.#
..#.....# ##########.######.#
###8.>.8##########...........# #
#..............#.#############


You could see a scorpion and 3 orcs.

Notes
Turn   | Place    | Note
-------+----------+-------------------------------------------
     0 | D:1      | theanonym the Deep Elf Fire Elementalist began the quest for the Orb.
     0 | D:1      | Reached XP level 1. HP: 10/10 MP: 6/6
   149 | D:1      | Reached XP level 2. HP: 15/15 MP: 4/8
  1097 | D:2      | Found a snail-covered altar of Cheibriados.
  1108 | D:2      | Reached skill level 4 in Fire Magic
  1272 | D:2      | Reached XP level 3. HP: 18/19 MP: 6/10
  1277 | D:2      | Learned a level 3 spell: Conjure Flame
  1372 | D:1      | Reached skill level 2 in Conjurations
  1578 | D:2      | Noticed Terence
  1796 | D:2      | Killed Terence
  1796 | D:2      | Reached XP level 4. HP: 24/24 MP: 0/11
  1802 | D:2      | Learned a level 4 spell: Sticky Flame
  1958 | D:2      | Noticed Robin
  2076 | D:2      | Reached skill level 4 in Spellcasting
  2422 | D:2      | Killed Robin
  2532 | D:3      | Reached skill level 5 in Fire Magic
  2674 | D:3      | Noticed Natasha
  2677 | D:3      | Killed Natasha
  2677 | D:3      | Reached XP level 5. HP: 28/28 MP: 9/13
  2794 | D:3      | Noticed Natasha
  3218 | D:3      | Reached skill level 3 in Conjurations
  3872 | D:3      | Killed Natasha
  3909 | D:3      | Noticed Natasha
  3916 | D:3      | Killed Natasha
  3916 | D:3      | Reached skill level 6 in Fire Magic
  3916 | D:3      | Reached XP level 6. HP: 32/32 MP: 9/14
  4049 | D:3      | Found a runed door.
  4209 | D:3      | Noticed Crazy Yiuf
  4216 | D:3      | Killed Crazy Yiuf
  4352 | D:4      | Learned a level 5 spell: Fireball
  4689 | D:4      | Reached skill level 5 in Spellcasting
  5006 | D:4      | Found Capau's Distillery.
  5015 | D:4      | Bought a potion of magic for 96 gold pieces
  5015 | D:4      | Bought a potion of heal wounds for 60 gold pieces
  5195 | D:5      | Entered Level 5 of the Dungeon
  5233 | D:5      | Reached skill level 4 in Conjurations
  5456 | D:5      | Found Qyjaqowa's Food Boutique.
  5540 | D:5      | Found Kunar's Distillery.
  5541 | D:5      | Found Xuaryk's Weapon Boutique.
  5542 | D:5      | Found Kyeco's General Store.
  5551 | D:5      | Bought a potion of curing for 42 gold pieces
  5554 | D:5      | Bought a scroll of identify for 24 gold pieces
  5636 | D:5      | Reached XP level 7. HP: 36/36 MP: 3/16
  5722 | D:5      | Learned a level 1 spell: Apportation
  5734 | D:5      | Found a burning altar of Makhleb.
  5748 | D:5      | Reached skill level 7 in Fire Magic
  5989 | D:5      | Found a staircase to the Ecumenical Temple.
  5995 | Temple   | Entered the Ecumenical Temple
  6029 | Temple   | Became a worshipper of Vehumet
  6555 | D:5      | Found a stormy altar of Qazlal.
  6555 | D:5      | Noticed p0werm0de's ghost (amateur SpNe)
  6565 | D:5      | Killed p0werm0de's ghost
  6565 | D:5      | Reached skill level 5 in Conjurations
  6565 | D:5      | Reached skill level 8 in Fire Magic
  6901 | D:6      | HP: 15/36 [orc/hand axe (5)]
  6903 | D:5      | HP: 7/36 [poisoned by a scorpion]
  6904 | D:5      | Slain by an orc

Vanquished Creatures
  The ghost of p0werm0de the Sneak, an amateur SpNe of Uskayaw (D:5)
  2 ogres
  2 howler monkeys (D:5)
  A hound (D:5)
  2 orc priests
  Crazy Yiuf (D:3)
  Terence (D:2)
  Natasha (thrice) (D:3)
  An iguana (D:4)
  3 worker ants (D:5)
  Robin (D:2)
  6 adders
  A shadow imp (D:5)
  3 oozes
  4 worms
  3 dart slugs
  2 leopard geckos
  16 orcs
  3 giant cockroaches
  19 goblins
  6 hobgoblins
  12 jackals
  2 quokkas
  2 ball pythons
  6 bats
  4 frilled lizards
  7 kobolds
  A leopard gecko skeleton (D:4)
  A leopard gecko zombie (D:5)
  7 rats
123 creatures vanquished.

Table legend:
 A = Turns spent in this place as a percentage of turns spent in the entire game.
 B = Non-inter-level travel turns spent in this place as a percentage of non-inter-level travel turns spent in the entire game.
 C = Inter-level travel turns spent in this place as a percentage of turns spent in this place.
 D = Turns resting spent in this place as a percentage of non-inter-level travel turns spent in this place.
 E = Turns spent auto-exploring this place as a percentage of non-inter-level travel turns spent in this place.
 F = Non-inter-level travel turns spent in this place divided by the number of levels of this place that you've seen.
                   A       B       C       D       E      F
               +-------+-------+-------+-------+-------+----------------------
         Total | 100.0 | 100.0 |   7.3 |  39.1 |  45.9 | 914.6
       Dungeon |  99.2 |  99.4 |   7.0 |  39.3 |  45.8 | 1061.0
        Temple |   0.8 |   0.6 |  35.7 |   0.0 |  75.0 |  36.0
               +-------+-------+-------+-------+-------+----------------------
